 Dungeon Crawl Stone Soup version 0.21.1-1-g345015fe64 (webtiles) character file.

142 Htamos the Conjurer (level 5, 0/28 HPs)
             Began as a Deep Elf Wizard on July 13, 2018.
             Slain by an orc
             ... wielding a +0 flail
              (7 damage)
             ... on level 3 of the Dungeon.
             The game lasted 00:05:54 (3099 turns).

Htamos the Conjurer (Deep Elf Wizard)               Turns: 3099, Time: 00:05:54

Health: 0/28       AC:  3    Str:  4    XL:     5   Next: 3%
Magic:  2/13       EV: 11    Int: 29    God:
Gold:   128        SH:  0    Dex: 13    Spells: 11/12 levels left

rFire    . . .     SeeInvis .   r - +3 short sword
rCold    . . .     Gourm    .   (no shield)
rNeg     . . .     Faith    .   v - +0 leather armour
rPois    .         Spirit   .   b - +0 hat
rElec    .         Reflect  .   (no cloak)
rCorr    .         Harm     .   (no gloves)
MR       .....                  (no boots)
Stlth    ++........             (no amulet)
HPRegen  0.09/turn              (no ring)
MPRegen  0.13/turn              (no ring)

@: brilliant, very slightly contaminated
A: no striking features
a: no special abilities


You were on level 3 of the Dungeon.
You were very hungry.

You visited 1 branch of the dungeon, and saw 3 of its levels.

You collected 128 gold pieces.

Inventory:

Hand Weapons
 i - a +0 hunting sling
 k - a +0 hunting sling
 p - a -1 dagger
 r - a +3 short sword (weapon)
 u - a +0 hunting sling
Missiles
 f - 143 stones (quivered)
 j - 68 bolts
 y - 41 sling bullets
 A - 21 arrows
Armour
 a - a +0 robe
 b - a +0 hat (worn)
 g - a +0 ring mail
 v - a +0 leather armour (worn)
Jewellery
 n - an uncursed ring of positive energy {unknown}
Scrolls
 m - 2 scrolls of magic mapping
 o - 2 scrolls of identify
 q - a scroll of noise {unknown}
 s - a scroll of remove curse
 x - a scroll of fog {unknown}
Potions
 e - a potion of berserk rage {unknown}
 h - a potion of cancellation {unknown}
 l - 2 potions of degeneration
 t - a potion of heal wounds {unknown}
 B - a potion of flight {unknown}
Books
 c - a book of Minor Magic

   Spells                             Type                      Level
   a - Magic Dart                     Conjuration                  1
   b - Blink                          Translocation                2
   c - Call Imp                       Summoning                    2
   d - Slow                           Hexes                        2
   e - Conjure Flame                  Conjuration/Fire             3
   f - Mephitic Cloud                 Conjuration/Poison/Air       3
Comestibles
 d - 5 rations


   Skills:
 + Level 1.9 Short Blades
 - Level 2.4 Dodging
 - Level 2.4 Stealth
 - Level 4.4 Spellcasting
 - Level 4.8 Conjurations
   Level 1.1 Summonings
   Level 1.1 Translocations


You had 11 spell levels left.
You knew the following spells:

 Your Spells              Type           Power        Failure   Level  Hunger
a - Magic Dart            Conj           ####         1%          1    None


Dungeon Overview and Level Annotations

Branches:
Dungeon (3/15)

Altars:
Gozag
Yredelemnul
The Shining One


Message History

The orc hits you with a mace. The orc hits you with a flail.
* * * LOW HITPOINT WARNING * * *
Casting: Magic Dart
Confirm with . or Enter, or press ? or * to list all spells.
Aiming: Magic Dart
Press: ? - help, Shift-Dir - straight line, f/p - orc
Aim: an orc, wielding a mace and wearing a chain mail (heavily wounded)
The magic dart hits the orc.
You kill the orc!
* * * LOW MAGIC WARNING * * *
The dart slug launches a dart at you. The slug dart misses you.
The orc hits you with a flail.
* * * LOW HITPOINT WARNING * * *
The dart slug launches a dart at you. The slug dart misses you.
There is a stone staircase leading up here.
It was a potion of brilliance.
You feel clever all of a sudden. The orc hits you with a flail!
You die...

#.#....).# ####### #$
#......).# #.....# ##
##.##.##)# #.....#
***
#....##.###.....###.#
#..>.##.##.......##..
#....##.##.......##.#
#.#.#.........##.##..
#......)##.#####<####
###.@......#####.#
#o#.###).......# #
#.#.###)###########
****##*
#....##.###.###....
,,,,..*
#.#..##[##.#.##.###
****#.*
###.#.......###.#.# #
##**#.*
#............#....# #
...##.*
#.####.######.##### #
......#######.####.#
#...# #


You could see an orc.

Vanquished Creatures
  Robin (D:3)
  A gnoll (D:1)
  4 adders (D:2)
  3 worms
  5 dart slugs
  4 orcs (D:3)
  2 giant cockroaches
  15 goblins
  8 hobgoblins
  A ball python (D:1)
  7 bats
  A frilled lizard (D:3)
  6 kobolds
  5 rats
63 creatures vanquished.

Vanquished Creatures (others)
  A hound skeleton (D:3)
  A kobold (D:3)
2 creatures vanquished.

Grand Total: 65 creatures vanquished

Notes
Turn   | Place    | Note
-------+----------+-------------------------------------------
     0 | D:1      | Htamos the Deep Elf Wizard began the quest for the Orb.
     0 | D:1      | Reached XP level 1. HP: 10/10 MP: 7/7
   256 | D:1      | Reached XP level 2. HP: 7/15 MP: 0/9
   735 | D:1      | Reached XP level 3. HP: 18/19 MP: 2/10
  1548 | D:2      | Reached XP level 4. HP: 24/24 MP: 8/12
  1662 | D:2      | Found a glowing golden altar of the Shining One.
  1662 | D:2      | Found an opulent altar of Gozag.
  2238 | D:3      | Noticed Robin
  2242 | D:3      | Killed Robin
  2242 | D:3      | Reached skill level 1 in Short Blades
  2530 | D:3      | Noticed a human
  2531 | D:3      | Found a runed door.
  2534 | D:3      | Found a basalt altar of Yredelemnul.
  2766 | D:3      | Reached XP level 5. HP: 28/28 MP: 8/13
  3099 | D:3      | Slain by an orc

Skill      XL: |  1  2  3  4 |
---------------+-------------+-----
Conjurations   | 2 3 4 |  4.8
Short Blades   | 1 |  1.9
Dodging        | |  2.4
Stealth        | |  2.4
Spellcasting   | |  4.4
Summonings     | |  1.1
Translocations | |  1.1

Action                   |  1- 3 |  4- 6 || total
-------------------------+-------+-------++-------
Melee: Unarmed           |     3 |       ||     3
       Short sword       |       |     2 ||     2
 Cast: Magic Dart        |    88 |    77 ||   165
  Use: Scroll            |       |     5 ||     5
       Potion            |       |     1 ||     1
  Eat: Chunk             |     2 |     3 ||     5
Armor: Robe              |     2 |       ||     2
       Leather armour    |       |     6 ||     6
Dodge: Dodged            |    12 |    10 ||    22
